 Dungeon Crawl Stone Soup version 0.23-a0-171-g5ae17c6e89 (webtiles) character file.

36 Deemzul the Slasher (level 3, 0/28 HPs)
             Began as a Demonspawn Gladiator on Sept 15, 2018.
             Succumbed to an adder's poison
             ... on level 2 of the Dungeon.
             The game lasted 00:00:53 (471 turns).

Deemzul the Slasher (Demonspawn Gladiator)           Turns: 471, Time: 00:00:54

Health: 0/28       AC:  4    Str: 15    XL:     3   Next: 19%
Magic:  3/3        EV: 12    Int:  9    God:
Gold:   22         SH:  3    Dex: 14    Spells: 2/2 levels left

rFire    . . .     SeeInvis .   a - +0 long sword
rCold    . . .     Gourm    .   g - +0 buckler
rNeg     . . .     Faith    .   b - +0 leather armour
rPois    .         Spirit   .   c - +0 helmet
rElec    .         Reflect  .   (no cloak)
rCorr    .         Harm     .   (no gloves)
MR       .....                  (no boots)
Stlth    +.........             (no amulet)
HPRegen  0.09/turn              (no ring)
MPRegen  0.08/turn              (no ring)

@: lethally poisoned (0 -> -6)
A: powered by pain 1
a: no special abilities


You were on level 2 of the Dungeon.
You were not hungry.

You visited 1 branch of the dungeon, and saw 2 of its levels.

You collected 22 gold pieces.

Inventory:

Hand Weapons
 a - a +0 long sword (weapon)
Missiles
 d - 3 throwing nets (quivered)
Armour
 b - a +0 leather armour (worn)
 c - a +0 helmet (worn)
 g - a +0 buckler (worn)
Scrolls
 e - a scroll of identify {unknown}
 h - a scroll of fear {unknown}
 i - a scroll of teleportation
Comestibles
 f - 5 rations


   Skills:
 + Level 2.3 Fighting
 * Level 3.3 Long Blades
 - Level 1.9 Throwing
 + Level 3.0 Dodging
 + Level 0.4 Shields


You had 2 spell levels left.
You didn't know any spells.
Your spell library was empty.

Dungeon Overview and Level Annotations

Branches:
Dungeon (1/15)

Altars:

Annotations:
D:2 Jessica, Robin


Innate Abilities, Weirdness & Mutations

You sometimes gain a little power by taking damage.


Message History

A goblin comes into view. It is wielding a club.
The goblin shouts!
The gnoll shouts!
You hit the goblin.
The goblin is moderately wounded.
The hobgoblin hits you.
* * * LOW HITPOINT WARNING * * *
A frilled lizard comes into view.
Robin roars a battlecry!
The goblins go into a battle-frenzy!
A goblin comes into view. It is wielding a dagger.
You hear a shout!
You hear an angry hiss.
Found a scroll labeled EGIDDO MEUCESKE.
A gnoll comes into view.
* * * LOW HITPOINT WARNING * * *
You feel sick.
The gnoll shouts!
Robin throws the goblin at you!
Unknown command.
Unknown command.
You die...

. ...
.############....
..........#.g..#
#.@....g.#
.l####..ggg.#
.....#g##...##g
...S..ggg.......
......gg......#.
.......g..g.....
..........g.g...
###............#
#.......#.g..#


You could see Robin, 3 gnolls, a hobgoblin and 7 goblins.

Vanquished Creatures
  2 adders (D:2)
  2 leopard geckos (D:1)
  2 giant cockroaches (D:1)
  3 hobgoblins
  2 bats (D:1)
  3 frilled lizards (D:1)
  2 goblins (D:1)
  2 rats (D:1)
18 creatures vanquished.

Notes
Turn   | Place    | Note
-------+----------+-------------------------------------------
     0 | D:1      | Deemzul the Demonspawn Gladiator began the quest for the
                  | Orb.
     0 | D:1      | Reached XP level 1. HP: 16/16 MP: 1/1
    89 | D:1      | Gained mutation: You sometimes gain a little power by
                  | taking damage. [demonic ancestry]
    89 | D:1      | Reached XP level 2. HP: 21/22 MP: 2/2
   448 | D:1      | You fall through a shaft!
   463 | D:2      | Reached XP level 3. HP: 8/28 MP: 3/3
   465 | D:2      | Noticed Jessica
   468 | D:2      | Noticed Robin
   468 | D:2      | HP: 1/28 [hobgoblin[Robin] (3)]
   471 | D:2      | Succumbed to an adder's poison

Vault maps used:
D:1:      lightli_arrival_quake, kennysheep_pointless_box, minmay_heptomino_o4
D:2:      st_stairs_3, uniq_jessica, uniq_robin

Skill      XL: |  1  2 |
---------------+-------+-----
Long Blades    | 3 |  3.3
Dodging        | 3 |  3.0
Fighting       | |  2.3
Throwing       | |  1.9
Shields        | |  0.4

Action                   || total
-------------------------++-------
Melee: Long sword        ||    53
  Use: Scroll            ||     1
 Stab: Sleeping          ||     1
Armor: Leather armour    ||    29
Dodge: Dodged            ||    35
Block: Buckler           ||     4
       Rpst.: Long sword ||    18

Table legend:
 A = Non-vault XP
 B = Vault XP
 C = Vault XP percentage of total XP
 D = Non-vault monster count
 E = Vault monster count
 F = Vault count percentage of total count
                 A         B        C        D         E       F
            +---------+---------+-------+---------+---------+-------
      Total |      46 |       6 |  11.5 |      14 |       4 |  22.2
            +---------+---------+-------+---------+---------+-------
        D:1 |      18 |       6 |  25.0 |      11 |       4 |  26.7
        D:2 |      28 |       0 |   0.0 |       3 |       0 |   0.0
            +---------+---------+-------+---------+---------+-------
